 Dungeon Sprint DCSS version 0.23-a0-808-gd21de94 (webtiles) character file.

90 Lanoc the Slasher (level 4, -6/57 HPs)
             Began as a Demonspawn Berserker on Jan 21, 2019.
             Was a Priest of Trog.
             Mangled by a worker ant (7 damage)
             ... in the Dungeon (Sprint IX: "|||||||||||||||||||||||||||||").
             The game lasted 00:00:22 (78 turns).

Lanoc the Slasher (Demonspawn Berserker)              Turns: 78, Time: 00:00:23

Health: -6/57      AC:  2    Str: 23    XL:     4   Next: 32%
Magic:  4/4        EV: 13    Int:  9    God:    Trog [***...]
Gold:   0          SH:  0    Dex: 12    Spells: 3/3 levels left

rFire    . . .     SeeInvis .   a - +0 falchion
rCold    . . .     Gourm    .   (no shield)
rNeg     . . .     Faith    .   b - +0 animal skin
rPois    .         Spirit   .   (no helmet)
rElec    .         Reflect  .   (no cloak)
rCorr    .         Harm     .   (no gloves)
MR       .....     NoTele   +   (no boots)
Stlth    ..........             (no amulet)
HPRegen  0.19/turn              (no ring)
MPRegen  0.09/turn              (no ring)

@: berserking (expiring), lethally poisoned (-6 -> -8), very quick
A: demonic guardian 1, nightstalker 1
a: Berserk, Trog's Hand, Renounce Religion


You were in the Dungeon.
You worshipped Trog.
Trog was most pleased with you.
You were not hungry.

You visited 1 branch

Inventory:

Hand Weapons
 a - a +0 falchion (weapon)
Armour
 b - a +0 animal skin (worn)
Scrolls
 i - a scroll of blinking
Potions
 d - a potion of curing
 f - a potion of haste
 g - 2 potions of magic
 h - a potion of berserk rage
Comestibles
 c - a ration
 j - 3 chunks of flesh


   Skills:
 + Level 4.8 Fighting
 * Level 5.6 Long Blades
 + Level 3.8 Armour
 + Level 3.8 Dodging


You had 3 spell levels left.
You didn't know any spells.
Your spell library was empty.

Dungeon Overview and Level Annotations

Branches:
Dungeon (1/1)

Altars:


Innate Abilities, Weirdness & Mutations

A weak demonic guardian rushes to your aid.
You are slightly more attuned to the shadows.


Message History

You swap places.
The leopard gecko bites you.
* * * LOW HITPOINT WARNING * * *
Things that are here:
a +1 shortbow of freezing; 17 arrows You slash the leopard gecko!
You kill the leopard gecko!
Trog accepts your kill.
Trog will now gift you ammunition as you gain piety.
You barely miss the worker ant. The worker ant bites you!
* * * LOW HITPOINT WARNING * * *
You are lethally poisoned!
The worker ant poisons you!
You closely miss the worker ant.
* * * LOW HITPOINT WARNING * * *
You feel sick.
The worker ant bites you but does no damage.
You slash the worker ant!
The worker ant is heavily wounded.
The worker ant bites you!
You die...

▓.▓
▓'▓
▓÷▓
▓.▓
▓.▓
▓.▓
▓(▓
▓5▓
▓@▓
▓a▓
▓Z▓
▓c▓
▓.▓
▓+▓


You could see a centaur, a worker ant, an adder zombie and a friendly ufetubus.

Vanquished Creatures
  A centaur (D)
  An ooze (D)
  A leopard gecko (D)
  A bat (D)
  A goblin (D)
  A kobold (D)
  A rat (D)
7 creatures vanquished.

Notes
Turn   | Place    | Note
-------+----------+-------------------------------------------
     0 | D        | Lanoc the Demonspawn Berserker began the quest for the Orb.
     0 | D        | Reached XP level 1. HP: 18/18 MP: 1/1
     8 | D        | Banished a spatial maelstrom
    10 | D        | Reached skill level 3 in Long Blades
    14 | D        | Reached ** piety under Trog
    65 | D        | Noticed a centaur
    65 | D        | Noticed a worker ant
    65 | D        | Noticed a centaur
    73 | D        | Killed a centaur
    73 | D        | Reached skill level 5 in Long Blades
    73 | D        | Gained mutation: A weak demonic guardian rushes to your
                  | aid. [demonic ancestry]
    73 | D        | Reached XP level 2. HP: 8/26 MP: 2/2
    73 | D        | Reached XP level 3. HP: 10/32 MP: 3/3
    73 | D        | Gained mutation: You are slightly more attuned to the
                  | shadows. [demonic ancestry]
    73 | D        | Reached XP level 4. HP: 12/38 MP: 4/4
    75 | D        | Reached *** piety under Trog
    76 | D        | HP: 2/57 [worker ant (7)]
    78 | D        | Mangled by a worker ant

Vault maps used:
D:        linesprint

Skill      XL: |  1 |
---------------+----+-----
Long Blades    | 5 |  5.6
Armour         | 3 |  3.8
Dodging        | 3 |  3.8
Fighting       | 4 |  4.8

Action                   |  1- 3 |  4- 6 || total
-------------------------+-------+-------++-------
Melee: Falchion          |    21 |     4 ||    25
Invok: Berserk           |     1 |       ||     1
  Use: Potion            |     1 |       ||     1
Armor: Animal skin       |     3 |     1 ||     4
Dodge: Dodged            |    15 |       ||    15
       Rpst.: Falchion   |     5 |       ||     5

Table legend:
 A = Non-vault XP
 B = Vault XP
 C = Vault XP percentage of total XP
 D = Non-vault monster count
 E = Vault monster count
 F = Vault count percentage of total count
                 A         B        C        D         E       F
            +---------+---------+-------+---------+---------+-------
      Total |       0 |     129 | 100.0 |       0 |       7 | 100.0
            +---------+---------+-------+---------+---------+-------
          D |       0 |     129 | 100.0 |       0 |       7 | 100.0
            +---------+---------+-------+---------+---------+-------
